 Dungeon Crawl Stone Soup version 0.22.0-27-ga576289 (webtiles) character file.

132 Amnesiac the Magician (level 4, -5/30 HPs)
             Began as a Mummy Air Elementalist on Aug 21, 2018.
             Slain by a scorpion (7 damage)
             ... on level 4 of the Dungeon.
             The game lasted 00:02:56 (1391 turns).

Amnesiac the Magician (Mummy Air Elementalist)      Turns: 1391, Time: 00:02:57

Health: -5/30      AC:  2    Str: 11    XL:     4   Next: 92%
Magic:  4/11       EV: 12    Int: 15    God:
Gold:   49         SH:  0    Dex: 12    Spells: 7/14 levels left

rFire    x . .     SeeInvis .   (no weapon)
rCold    + . .     Gourm    .   (no shield)
rNeg     + + +     Faith    .   a - +0 robe
rPois    ∞         Spirit   .   (no helmet)
rElec    .         Reflect  .   (no cloak)
rCorr    .         Harm     .   (no gloves)
MR       .....                  (no boots)
Stlth    ++........             (no amulet)
HPRegen  0.10/turn              d - ring of wizardry
MPRegen  0.12/turn              (no ring)

@: very slightly contaminated
A: no food or potions, fire vulnerability, cold resistance 1, negative energy
resistance 3, torment resistance, unbreathing
a: no special abilities


You were on level 4 of the Dungeon.
You were not hungry.

You visited 1 branch of the dungeon, and saw 5 of its levels.

You collected 49 gold pieces.

Inventory:

Missiles
 e - 7 curare-tipped needles
Armour
 a - a +0 robe (worn)
Jewellery
 d - a ring of wizardry (left hand)
Wands
 b - a wand of enslavement (31)
Scrolls
 c - 2 scrolls of remove curse {!r, unknown}
 f - a scroll of identify {!r, unknown}


   Skills:
 - Level 1.5 Dodging
 - Level 1.5 Stealth
 - Level 5.5 Spellcasting
 - Level 0.7 Conjurations
 + Level 3.2 Air Magic


You had 7 spell levels left.
You knew the following spells:

 Your Spells              Type           Power        Failure   Level  Hunger
a - Shock                 Conj/Air       ##..         2%          1    N/A
d - Airstrike             Air            ##........   16%         4    N/A
z - Swiftness             Chrm/Air       #.......     4%          2    N/A

Your spell library contained the following spells:

 Spells                   Type           Power        Failure   Level  Hunger
 Static Discharge         Conj/Air       ##......     9%          3    N/A
 Lightning Bolt           Conj/Air       ##........   56%         5    N/A

Dungeon Overview and Level Annotations

Branches:
Dungeon (5/15)
 Temple: D:4-7

Altars:

Annotations:
D:4 exclusion: ogre


Innate Abilities, Weirdness & Mutations

You do not eat or drink.
Your flesh is vulnerable to fire.
You are immune to poison.
Your flesh is cold resistant. (rC+)
You are immune to negative energy. (rN+++)
You are immune to unholy pain and torment.
You can survive without breathing.


Message History

Casting: Shock (safe; 2% risk of failure)
Confirm with . or Enter, or press ? or * to list all spells.
Aiming: Shock (safe; 2% risk of failure)
Press: ? - help, Shift-Dir - straight line, f/p - scorpion
Aim: a scorpion (moderately wounded)
The zap misses the scorpion.
The zap hits the scorpion.
The scorpion appears unharmed.
The scorpion is moderately wounded.
The scorpion stings you!
Casting: Shock (safe; 2% risk of failure)
Confirm with . or Enter, or press ? or * to list all spells.
Aiming: Shock (safe; 2% risk of failure)
Press: ? - help, Shift-Dir - straight line, f/p - scorpion
Aim: a scorpion (moderately wounded)
You miscast Shock.
You are very lightly contaminated with residual magic.
Your bandages stand on end.
The scorpion stings you!
* * * LOW HITPOINT WARNING * * *
Casting: Shock (safe; 2% risk of failure)
Confirm with . or Enter, or press ? or * to list all spells.
Aiming: Shock (safe; 2% risk of failure)
Press: ? - help, Shift-Dir - straight line, f/p - scorpion
Aim: a scorpion (moderately wounded)
The zap hits the scorpion.
The scorpion is heavily wounded.
The zap hits the scorpion.
The scorpion appears unharmed.
The scorpion is heavily wounded.
The scorpion barely misses you.
Casting: Shock (safe; 2% risk of failure)
Confirm with . or Enter, or press ? or * to list all spells.
Aiming: Shock (safe; 2% risk of failure)
Press: ? - help, Shift-Dir - straight line, f/p - scorpion
Aim: a scorpion (heavily wounded)
The zap hits the scorpion.
The scorpion is heavily wounded.
The zap misses the scorpion.
The scorpion misses you.
Casting: Shock (safe; 2% risk of failure)
Confirm with . or Enter, or press ? or * to list all spells.
Aiming: Shock (safe; 2% risk of failure)
Press: ? - help, Shift-Dir - straight line, f/p - scorpion
Aim: a scorpion (heavily wounded)
The zap misses the scorpion.
The zap hits the scorpion.
The scorpion is severely wounded.
The scorpion stings you!
* * * LOW HITPOINT WARNING * * *
Casting: Shock (safe; 2% risk of failure)
Confirm with . or Enter, or press ? or * to list all spells.
Aiming: Shock (safe; 2% risk of failure)
Press: ? - help, Shift-Dir - straight line, f/p - scorpion
Aim: a scorpion (severely wounded)
The zap misses the scorpion.
The zap hits the scorpion.
The scorpion is severely wounded.
The scorpion stings you but does no damage.
Casting: Shock (safe; 2% risk of failure)
Confirm with . or Enter, or press ? or * to list all spells.
Aiming: Shock (safe; 2% risk of failure)
Press: ? - help, Shift-Dir - straight line, f/p - scorpion
Aim: a scorpion (severely wounded)
The zap hits the scorpion.
The scorpion is severely wounded.
The zap hits the scorpion.
The scorpion is almost dead.
The scorpion stings you!
You die...

........# ##...##
........# ##.....##
........###.......##
........##.........#
.....÷..#...#......#
...........##......#
...........##.....##
..................#
.........###....@##
.........# #....s#
.........# #.......#
.........#
#..........
.........#
##...#####.
.........# ....#
.....#...# ......
...####.####.#####
#### ### ##


You could see a scorpion.

Vanquished Creatures
  A bullfrog skeleton (D:4)
  An iguana (D:4)
  A worker ant (D:4)
  2 gnolls
  2 adders
  An ooze (D:1)
  An adder skeleton (D:4)
  2 orcs (D:4)
  A ball python (D:1)
  A giant cockroach (D:4)
  A jackal (D:4)
  A quokka (D:4)
  A rat (D:2)
16 creatures vanquished.

Notes
Turn   | Place    | Note
-------+----------+-------------------------------------------
     0 | D:1      | Amnesiac the Mummy Air Elementalist began the quest for the Orb.
     0 | D:1      | Reached XP level 1. HP: 13/13 MP: 4/4
    30 | D:2      | Reached XP level 2. HP: 7/19 MP: 0/5
    55 | D:1      | Reached skill level 3 in Spellcasting
   325 | D:4      | Learned a level 2 spell: Swiftness
   371 | D:4      | Noticed an ogre
   390 | D:4      | Reached skill level 4 in Spellcasting
   390 | D:4      | Reached XP level 3. HP: 19/24 MP: 0/8
   604 | D:3      | Reached XP level 4. HP: 8/30 MP: 1/10
   610 | D:3      | Learned a level 4 spell: Airstrike
   895 | D:4      | Reached skill level 5 in Spellcasting
  1118 | D:5      | Entered Level 5 of the Dungeon
  1391 | D:4      | Slain by a scorpion

Skill      XL: |  1  2  3  4 |
---------------+-------------+-----
Air Magic      | 3 |  3.2
Spellcasting   | 4 5 |  5.5
Dodging        | |  1.5
Stealth        | |  1.5
Conjurations   | |  0.7

Action                   |  1- 3 |  4- 6 || total
-------------------------+-------+-------++-------
Melee: Unarmed           |     1 |       ||     1
 Cast: Shock             |    32 |    32 ||    64
       Airstrike         |       |     1 ||     1
Armor: Robe              |     3 |     1 ||     4
Dodge: Dodged            |    31 |    10 ||    41
